Map: Ruins of Seras

Players

benogan

  • Race: Protoss Protoss
  • League: Gold

Grumm - Winner!

  • Race: Protoss Protoss
  • League: Gold

VOD

Have the link to the VOD?

Description

Time

  • Played on: Jan. 11, 2016, 1:16 a.m.
  • Length: 8:21
Show
View Real Time Build Order
Export as new Build Order

benogan Protoss 

Build Orders: Nexus First 

Get SALT Encoding   

  12  0:01  Probe (Chrono Boost)  
  13  0:12  Probe (Chrono Boost)  
  14  0:19  Pylon  
  14  0:22  Probe (Chrono Boost)  
  15  0:38  Probe (Chrono Boost)  
  17  0:50  Probe (Chrono Boost)  
  17  1:01  Nexus  
  18  1:04  Probe (Chrono Boost)  
  18  1:14  Gateway  
  18  1:20  Assimilator  
  18  1:23  Probe (Chrono Boost)  
  19  1:33  Probe (Chrono Boost)  
  19  1:37  Assimilator  
  20  1:44  Probe (Chrono Boost)  
  20  1:45  Gateway  
  21  1:54  Probe (Chrono Boost)  
  21  1:57  Pylon  
  22  2:08  Cybernetics Core  
  22  2:12  Probe (Chrono Boost)  
  23  2:22  Probe (Chrono Boost)  
  24  2:28  Probe (Chrono Boost)  
  25  2:33  Probe (Chrono Boost)  
  26  2:39  Probe (Chrono Boost)  
  26  2:43  Probe (Chrono Boost)  
  28  2:46  Pylon  
  28  2:48  Warp Gate  
  28  2:49  Adept  
  28  2:54  Probe (Chrono Boost), Adept  
  27  3:09  Robotics Facility  
  27  3:14  Probe (Chrono Boost)  
  28  3:21  Mothership Core (Chrono Boost)  
  28  3:25  Probe (Chrono Boost)  
  28  3:53  Probe (Chrono Boost)  
  28  3:55  Probe (Chrono Boost)  
  30  4:00  Observer  
  31  4:03  Probe (Chrono Boost)  
  31  4:05  Probe (Chrono Boost)  
  31  4:08  Pylon  
  33  4:14  Probe (Chrono Boost)  
  33  4:16  Probe (Chrono Boost)  
  35  4:18  Stalker x2  
  39  4:24  Probe (Chrono Boost)  
  39  4:25  Pylon  
  34  4:44  Pylon  
  31  4:58  Immortal  
  34  5:05  Probe (Chrono Boost)  
  34  5:06  Probe (Chrono Boost)  
  34  5:15  Probe (Chrono Boost)  
  34  5:16  Probe (Chrono Boost)  
  34  5:21  Stalker  
  34  5:25  Stalker  
  34  5:26  Probe (Chrono Boost)  
  34  5:27  Probe (Chrono Boost)  
  40  5:36  Probe (Chrono Boost)  
  40  5:37  Probe (Chrono Boost)  
  42  5:47  Probe (Chrono Boost)  
  40  5:57  Stalker x2  
  44  6:10  Probe (Chrono Boost)  
  45  6:20  Stalker x2  
  45  6:21  Probe (Chrono Boost)  
  45  6:22  Probe (Chrono Boost)  
  51  6:31  Probe (Chrono Boost)  
  51  6:32  Probe (Chrono Boost)  
  49  6:42  Probe (Chrono Boost)  
  49  6:43  Probe (Chrono Boost)  
  47  6:52  Probe (Chrono Boost)  
  48  6:54  Stalker  
  48  6:55  Stalker  
  52  7:10  Probe (Chrono Boost)  
  47  7:20  Probe (Chrono Boost)  
  47  7:21  Probe (Chrono Boost)  
  46  7:26  Stalker  
  46  7:27  Stalker  
  49  7:31  Probe (Chrono Boost)  
  49  7:32  Probe (Chrono Boost), Gateway  
  50  7:42  Probe (Chrono Boost)  
  32  7:53  Probe (Chrono Boost)  
Show
View Real Time Build Order
Export as new Build Order

Grumm Protoss - Winner!

Build Orders: 1 Gate Expand 

Get SALT Encoding   

  12  0:01  Probe (Chrono Boost)  
  13  0:11  Probe (Chrono Boost)  
  14  0:23  Pylon  
  14  0:25  Probe (Chrono Boost)  
  15  0:41  Gateway, Probe (Chrono Boost)  
  16  0:51  Probe (Chrono Boost)  
  16  0:52  Assimilator  
  17  1:20  Nexus  
  17  1:24  Probe (Chrono Boost)  
  18  1:30  Zealot  
  20  1:34  Probe (Chrono Boost)  
  21  1:49  Cybernetics Core  
  21  1:51  Probe (Chrono Boost)  
  22  2:01  Gateway  
  22  2:04  Probe (Chrono Boost)  
  23  2:32  Probe (Chrono Boost)  
  23  2:33  Adept  
  23  2:34  Warp Gate  
  26  2:41  Probe (Chrono Boost)  
  26  2:42  Probe (Chrono Boost)  
  28  2:52  Probe (Chrono Boost)  
  28  2:53  Probe (Chrono Boost)  
  28  2:57  Assimilator  
  30  3:02  Probe (Chrono Boost)  
  30  3:03  Stalker (Chrono Boost)  
  33  3:10  Pylon  
  33  3:17  Stalker (Chrono Boost)  
  33  3:19  Probe x2  
  37  3:31  Probe  
  37  3:32  Probe  
  39  3:36  Pylon  
  39  3:47  Stalker (Chrono Boost)  
  36  4:01  Forge  
  36  4:04  Pylon  
  36  4:05  Pylon, Probe x2  
  38  4:17  Probe  
  38  4:18  Probe  
  40  4:36  Probe x2  
  40  4:41  Stargate  
  40  4:42  Stargate  
  40  4:50  Stalker x2  
  40  5:09  Probe x2  
  40  5:10  Protoss Ground Weapons Level 1  
  40  5:13  Assimilator  
  42  5:16  Pylon  
  42  5:17  Assimilator  
  42  5:19  Gateway  
  42  5:20  Gateway  
  38  5:28  Adept  
  38  5:29  Adept  
  42  5:35  Oracle  
  43  5:59  Probe  
  43  6:00  Probe  
  43  6:10  Twilight Council  
  43  6:13  Void Ray (Chrono Boost)  
  47  6:30  Zealot x4  
  55  6:52  Void Ray (Chrono Boost), Probe x2  
  55  6:54  Void Ray (Chrono Boost)  
  65  6:58  Gateway  
  65  7:01  Pylon x2  
  65  7:04  Pylon  
  65  7:18  Probe  
  67  7:30  Void Ray (Chrono Boost)  
  67  7:31  Void Ray (Chrono Boost), Zealot x4  
  79  7:40  Photon Cannon  
  75  8:00  Zealot x3  
  75  8:01  Zealot  
Tags
 
Add a new tag
Caveats
  • Supply blocks, unpowered buildings, or Contaminate may cause inaccurate times.
  • Supply counts are checked every 10 seconds.